 Dungeon Crawl Stone Soup version 0.31-a0-995-g04711c9635 (webtiles) character file.

Game seed: 17406179862927515599

25 CrazyBamboolord the Changeling (level 3, -1/33 HPs)
             Began as an Ogre Shapeshifter on Nov 6, 2023.
             Frozen to death by an endoplasm (5 damage)
             ... on level 2 of the Dungeon.
             The game lasted 00:02:00 (1123 turns).

CrazyBamboolord the Changeling (Ogre Shapeshifter)  Turns: 1123, Time: 00:02:01

Health: -1/33      AC:  3    Str: 20    XL:     3   Next: 6%
Magic:  3/3        EV:  9    Int: 11    God:
Gold:   33         SH:  0    Dex:  8    Spells: 2/2 levels left

rFire   . .          .
                       - Unarmed
rCold   . . .        (no shield)
rNeg    . . .        a - +0 animal skin
rPois   .            (helmet currently unavailable)
rElec   .            (cloak currently unavailable)
rCorr   .            (gloves unavailable)
SInv    .            (boots unavailable)
Will    .....        (no amulet)
Stlth   +            (no ring)
HPRegen 0.25/turn    (no ring)
MPRegen 0.08/turn

%: no passive effects
@: beast-form
A: beast (slay +2), large, unfitting armour, tough skin 1
a: Begin Untransformation


You were on level 2 of the Dungeon.
You were a hulking beast.
You visited 1 branch of the dungeon, and saw 2 of its levels.

You collected 33 gold pieces.

Inventory:

Missiles
 e - 9 stones (quivered)
Armour
 a - a +0 animal skin (worn)
Talismans
 c - a beast talisman
 d - a flux talisman
Scrolls
 f - a scroll of identify {unknown}
 g - a scroll of revelation {unknown}
 h - a scroll of immolation {unknown}
Potions
 b - a potion of lignification
 i - a potion of haste {unknown}


   Skills:
 - Level 1.3 Fighting
 - Level 1.7 Dodging
 - Level 2.6 Unarmed Combat
 + Level 4.0 Shapeshifting


You had 2 spell levels left.
You didn't know any spells.
Your spell library was empty.

Dungeon Overview and Level Annotations

Branches:
Dungeon (2/15)

Altars:

Annotations:
D:2 Natasha


Innate Abilities, Weirdness & Mutations

You are a hulking beast.
Your limbs bulge with bestial killing power. (Slay +2)
You are too large for most types of armour.
You have tough skin. (AC +1)


Message History

You closely miss Natasha. Natasha barely misses you.
You hit Natasha.
Natasha is moderately wounded.
Natasha mumbles some strange words.
You hit Natasha but do no damage.
Natasha is moderately wounded.
Natasha claws you.
You hit Natasha but do no damage.
Natasha is moderately wounded.
Natasha closely misses you.
The cerulean imp hits you from afar with a +2 spear.
You closely miss Natasha.
Natasha is moderately wounded.
Natasha barely misses you.
The cerulean imp hits you from afar with a +2 spear.
You barely miss Natasha.
Natasha is moderately wounded.
Natasha closely misses you.
The cerulean imp hits you from afar with a +2 spear.
The endoplasm hits you but does no damage.
You hit Natasha.
Natasha is heavily wounded.
Natasha claws you. The endoplasm closely misses you.
The cerulean imp barely misses you.
You barely miss Natasha.
Natasha is heavily wounded.
Natasha stares at you and mumbles some strange words.
The magic dart hits you!
The cerulean imp hits you from afar with a +2 spear.
* * * LOW HITPOINT WARNING * * *
The endoplasm barely misses you.
You closely miss Natasha.
Natasha is heavily wounded.
Natasha claws you.
* * * LOW HITPOINT WARNING * * *
The cerulean imp hits you from afar with a +2 spear.
* * * LOW HITPOINT WARNING * * *
The endoplasm freezes you.
You are frozen.
You die...

... ..# #..# #######
#...# #.....##### #...
#)........#
#.5##......##.######
#..h#...............
#..h#.........#####.
##.###J......>..#<†.#.
.........###.....#.###.
###.###..# #.....#.# #.
..#.# #.....#.# #.
#...#.# #.....#.###.
#...#.###.....#.....
#..#J#...........####
#...#.#####.....#.#


You could see Natasha, a cerulean imp (summoned) and an endoplasm.

Vanquished Creatures
  A worm (D:2)
  2 ball pythons (D:1)
  2 endoplasms (D:1)
  A giant cockroach (D:1)
  5 hobgoblins (D:1)
  3 kobolds (D:1)
  2 quokkas (D:1)
  A bat (D:1)
  A frilled lizard (D:1)
18 creatures vanquished.

Notes
Turn   | Place    | Note
-------+----------+-------------------------------------------
     0 | D:1      | CrazyBamboolord the Ogre Shapeshifter began the quest for
                  | the Orb.
     0 | D:1      | Reached XP level 1. HP: 19/19 MP: 1/1
   164 | D:1      | Reached XP level 2. HP: 13/27 MP: 2/2
  1010 | D:2      | Reached skill level 4 in Shapeshifting
  1010 | D:2      | Reached XP level 3. HP: 15/33 MP: 3/3
  1112 | D:2      | Noticed Natasha
  1123 | D:2      | Frozen to death by an endoplasm

Illustrated notes

Levels and vault maps discovered:
D:1:      dpeg_arrival_simpleton_a, layout_basic
D:2:      layout_basic, serial_shops, shop, nicolae_titane, uniq_jessica,
          uniq_natasha

Skill      XL: |  1  2 |
---------------+-------+-----
Shapeshifting  | 4 |  4.0
Fighting       | |  1.3
Dodging        | |  1.7
Unarmed Combat | |  2.6

Action                     || total
---------------------------++-------
  Melee: Unarmed           ||    67
   Stab: Sleeping          ||     1
 Armour: Animal skin       ||    43
  Dodge: Dodged            ||    30

Table legend: (Time is in decaauts)
 A = Elapsed time spent in this place.
 B = Non-inter-level travel time spent in this place.
 C = Inter-level travel time spent in this place.
 D = Time resting spent in this place.
 E = Time spent auto-exploring this place.
 F = Levels seen in this place.
 G = Mean time per level.
                   A        B        C        D        E       F      G
               +--------+--------+--------+--------+--------+-----+--------+
         Total |   1119 |   1085 |     34 |      0 |    955 |   2 |  559.5 |
       Dungeon |   1119 |   1085 |     34 |      0 |    955 |   2 |  559.5 |
               +--------+--------+--------+--------+--------+-----+--------+

Top non-repeatable levels by time:
     D:1: 996 daAuts
     D:2: 122 daAuts
